 Dungeon Crawl Stone Soup version 0.15-a0-1506-g1b030bc (webtiles) character file.

2199 pierdole the Conjurer (level 9, -3/45 HPs)
             Began as a Tengu Conjurer on June 15, 2014.
             Was a Believer of Vehumet.
             Slain by Duvessa
             ... wielding a +1,+2 cutlass
              (10 damage)
             ... on Level 6 of the Dungeon.
             The game lasted 00:44:00 (6550 turns).

pierdole the Conjurer (Tengu Conjurer)              Turns: 6550, Time: 00:44:01

HP  -3/45        AC  2     Str 10      XL: 9   Next: 34%
MP   2/27        EV 13     Int 18      God: Vehumet [**....]
Gold 179         SH  0     Dex 14      Spells:  4 memorised, 15 levels left

rFire  . . .     SeeInvis .     (no weapon)
rCold  . . .     Clarity  .     a - +0 robe
rNeg   . . .     rCorr    .     (no shield)
rPois  .         rRot     .     (helmet restricted)
rElec  .         Spirit   .     (no cloak)
SustAb .         Warding  .     (no gloves)
rMut   .         Stasis   .     (boots unavailable)
Gourm  .                        (no amulet)
MR     .....                    (no ring)
                                (no ring)

@: very slightly contaminated, not resistant to hostile enchantments, unstealthy
A: able to fly, beak, talons 3
a: Fly, Renounce Religion


You were on level 6 of the Dungeon.
You worshipped Vehumet.
Vehumet was pleased with you.
You were not hungry.

You visited 2 branches of the dungeon, and saw 7 of its levels.

You collected 179 gold pieces.

Inventory:

Armour
 a - a +0 robe (worn)
Magical devices
 u - a wand of flame (1)
 w - a wand of slowing (16)
 z - a wand of slowing (12)
 B - a wand of digging (13)
Comestibles
 b - 2 bread rations
 x - a beef jerky
 C - a meat ration
 E - a rotting chunk of orc flesh
Scrolls
 d - 2 scrolls of random uselessness {unknown}
 f - a scroll of enchant weapon II {unknown}
 l - a scroll of enchant armour {unknown}
 n - 2 scrolls of amnesia {unknown}
 q - a scroll of recharging {unknown}
 r - a scroll of fog {unknown}
 v - a scroll of remove curse {unknown}
 y - 2 scrolls of enchant weapon I {unknown}
 F - 2 scrolls of noise {unknown}
Jewellery
 h - an uncursed ring of protection from cold {unknown}
 k - an uncursed ring of positive energy {unknown}
 t - a cursed +5 ring of dexterity {unknown}
Potions
 e - 2 potions of curing
 g - 3 potions of flight
 i - a potion of lignification
 j - a potion of agility {unknown}
 m - a potion of poison {unknown}
 o - 2 potions of mutation
 p - 2 potions of haste {unknown}
 s - a potion of invisibility {unknown}
Books
 c - a book of Conjurations

   Spells                             Type                      Level
   *Magic Dart                        Conjuration                  1
   *Searing Ray                       Conjuration                  2
   Dazzling Spray                     Conjuration/Hexes            3
   *Fulminant Prism                   Conjuration/Hexes            4
   *Iskenderun's Mystic Blast         Conjuration                  4
   Iskenderun's Battlesphere          Conjuration/Charms           5
 A - a book of Annihilations {highlevel, unknown}

   Spells                             Type                      Level
   Poison Arrow                       Conjuration/Poison           6
   Chain Lightning                    Conjuration/Air              8
   Lehudib's Crystal Spear            Conjuration/Earth            8
   Glaciate                           Conjuration/Ice              9
   Fire Storm                         Conjuration/Fire             9


   Skills:
 - Level 3.1 Dodging
 - Level 2.0 Stealth
 * Level 9.0 Spellcasting
 + Level 10.6 Conjurations


You had 15 spell levels left.
You knew the following spells:

 Your Spells              Type           Power        Failure   Level  Hunger
a - Magic Dart            Conj           ####         1%          1    None
b - Searing Ray           Conj           #####.       1%          2    None
c - Iskenderun's Mystic   Conj           #####...     1%          4    ###....
d - Fulminant Prism       Conj/Hex       ####......   12%         4    ###....


Dungeon Overview and Level Annotations

Branches:
Dungeon (6/15)             Temple (1/1) D:4

Altars:
Ashenzari
Cheibriados
Fedhas
Gozag
Kikubaaqudgha
Makhleb
Okawaru
Qazlal
Sif Muna
Trog
Vehumet
Yredelemnul
Zin
The Shining One

Annotations:
D:6 Duvessa


Innate Abilities, Weirdness & Mutations

You can fly.
You have a beak for a mouth.
You have claws for feet.


Message History

The orb of energy explodes!
Duvessa hits you with a cutlass!
Casting: Iskenderun's Mystic Blast
Confirm with . or Enter, or press ? or * to list all spells.
Aiming: Iskenderun's Mystic Blast
Press: ? - help, Shift-Dir - straight line, f/p - Duvessa
Aim: Duvessa, wielding a cutlass and carrying a wand of flame {zapped: 1} (moderately wounded, berserk)
The orb of energy hits Duvessa.
Duvessa is heavily wounded.
Duvessa completely misses you. Duvessa barely misses you.
Duvessa hits you with a cutlass!
* * * LOW HITPOINT WARNING * * *
Casting: Iskenderun's Mystic Blast
Confirm with . or Enter, or press ? or * to list all spells.
Aiming: Iskenderun's Mystic Blast
Press: ? - help, Shift-Dir - straight line, f/p - Duvessa
Aim: Duvessa, wielding a cutlass and carrying a wand of flame {zapped: 1} (heavily wounded, berserk)
You miscast Iskenderun's Mystic Blast.
You are very lightly contaminated with residual magic.
Strange energies run through your body. Duvessa hits you with a cutlass!
You die...

)..........# ...........#
...........# . ...........# ...
...........###########....
...........................
...................)..........
...............................
................@e..(.......>...
...........................).....
.................................
................................o
...........###########...)...#
...........# #...>...#
...........# #.......#
...........# #.......#
...........# #.......#


You could see Duvessa (berserk).

Vanquished Creatures
  Pikel (D:4)
  The ghost of GoldenBoy the Cleaver, an experienced MiMo (D:5)
  Edmund (D:4)
  Menkaure (D:4)
  A slave (D:4)
  An ice beast (D:6)
  A sky beast (D:5)
  An orc warrior (D:6)
  An ogre (D:5)
  A scorpion (D:6)
  2 crimson imps (D:5)
  A goliath beetle (D:6)
  Dowan (D:6)
  3 hounds
  3 orc priests
  Natasha (twice) (D:4)
  An orc wizard (D:6)
  2 worker ants (D:5)
  A worker ant zombie (D:5)
  An orc zombie (D:6)
  A scorpion zombie (D:6)
  8 adders
  2 shadow imps
  2 giant mites (D:5)
  3 worms
  6 giant geckos
  An ooze (D:2)
  9 orcs
  16 bats
  A bat zombie (D:5)
  4 giant cockroaches
  19 hobgoblins
  8 kobolds
  A quokka (D:2)
  5 giant newts
  7 goblins
  15 jackals
  A kobold skeleton (D:6)
  13 rats
149 creatures vanquished.

Vanquished Creatures (others)
  Natasha (D:4)
  A quokka (D:4)
  A jackal skeleton (D:4)
  A kobold (D:4)
4 creatures vanquished.

Grand Total: 153 creatures vanquished

Notes
Turn   | Place    | Note
--------------------------------------------------------------
     0 | D:1      | pierdole, the Tengu Conjurer, began the quest for the Orb.
     0 | D:1      | Reached XP level 1. HP: 10/10 MP: 3/3
   128 | D:1      | Reached XP level 2. HP: 13/15 MP: 0/5
   368 | D:1      | Learned a level 2 spell: Searing Ray
   663 | D:1      | Reached skill level 6 in Conjurations
   663 | D:1      | Reached XP level 3. HP: 16/19 MP: 4/7
   922 | D:2      | Found a blossoming altar of Fedhas.
  1109 | D:2      | Reached XP level 4. HP: 21/24 MP: 0/9
  1588 | D:3      | Learned a level 4 spell: Iskenderun's Mystic Blast
  2233 | D:3      | Reached XP level 5. HP: 28/28 MP: 0/13
  2788 | D:4      | Noticed Pikel
  2788 | D:4      | Noticed a slave
  2821 | D:4      | Killed a slave
  2909 | D:4      | Noticed a slave
  2909 | D:4      | Noticed a slave
  2911 | D:4      | Noticed a slave
  3026 | D:4      | Killed Pikel
  3026 | D:4      | Reached skill level 5 in Spellcasting
  3026 | D:4      | Reached skill level 8 in Conjurations
  3026 | D:4      | Reached XP level 6. HP: 10/32 MP: 1/19
  3026 | D:4      | Reached XP level 7. HP: 11/36 MP: 1/20
  3234 | D:4      | Noticed Natasha
  3242 | D:4      | Killed Natasha
  3315 | D:4      | Learned a level 4 spell: Fulminant Prism
  3363 | D:4      | Noticed Natasha
  3363 | D:4      | Noticed Menkaure
  3367 | D:4      | Killed Menkaure
  3368 | D:4      | Killed Natasha
  3585 | D:4      | Noticed Edmund
  3602 | D:4      | Killed Edmund
  3602 | D:4      | Reached XP level 8. HP: 4/41 MP: 3/23
  3746 | D:4      | Killed Natasha
  3919 | D:4      | Found a staircase to the Ecumenical Temple.
  3934 | Temple   | Entered the Ecumenical Temple
  3971 | Temple   | Became a worshipper of Vehumet
  4409 | D:5      | Entered Level 5 of the Dungeon
  4516 | D:5      | Reached skill level 9 in Conjurations
  4597 | D:5      | Noticed GoldenBoy's ghost (experienced MiMo)
  4629 | D:5      | Killed GoldenBoy's ghost
  5267 | D:5      | Acquired Vehumet's first power
  5267 | D:5      | Offered knowledge of Sting by Vehumet.
  5514 | D:5      | Reached skill level 10 in Conjurations
  5514 | D:5      | Reached XP level 9. HP: 29/45 MP: 16/27
  5921 | D:6      | Noticed Duvessa
  5921 | D:6      | Noticed Dowan
  6342 | D:6      | HP: 2/45 [orc zombie/scimitar[a shadow imp] (6)]
  6359 | D:6      | Offered knowledge of Throw Flame by Vehumet.
  6396 | D:6      | Found an iron altar of Okawaru.
  6545 | D:6      | Killed Dowan
  6550 | D:6      | Slain by Duvessa

Action                   |  1- 3 |  4- 6 |  7- 9 || total
-------------------------+-------+-------+-------++-------
Melee: Unarmed           |     9 |     3 |     5 ||    17
 Cast: Magic Dart        |    58 |    51 |    70 ||   179
       Searing Ray       |     4 |     6 |    24 ||    34
       Iskenderun's Myst |       |     7 |    51 ||    58
Evoke: Wand              |       |       |     3 ||     3
  Use: Potion            |       |     1 |     3 ||     4
       Scroll            |       |       |     3 ||     3
